AoeStats
← Caribe

Arena

509223982Analyzed
1v1 RM · 6d ago on Sep 26, 2026· 51m 47s· 2 players
Game mode
Random Map
Map size
Tiny (2 player)
Population
200
Speed
Normal
Resources
Standard
Victory
Conquest
Starting age
Dark Age
Ending age
Imperial Age
RankedLock teamsTeams togetherTeam positionsShared explorationLock speedFull tech treeHidden civsTurbo modeCheats
Victory
Defeat
🇻🇪 Spanish · Venezuela
1249
+18
🇨🇦 Persians · Canada
1287
-18
Caribe
10:59 Feudal Age
14:47 Castle Age
13:22 Loom
13:30 Double-Bit Axe
13:27 Horse Collar
25:51 Imperial Age
23:31 Heavy Plow
23:44 Bow Saw
25:18 Padded Archer Armor
26:11 Wheelbarrow
25:25 Town Watch
26:17 Fletching
26:41 Forging
27:03 Inquisition
27:28 Bloodlines
27:18 Husbandry
27:49 Cavalier
31:12 Iron Casting
30:43 Scale Barding Armor
34:10 Blast Furnace
33:30 Chain Barding Armor
34:43 Gold Mining
36:23 Hand Cart
36:06 Elite Conquistador
37:43 Plate Barding Armor
37:24 Leather Archer Armor
38:42 Paladin
40:02 Ring Archer Armor
41:28 Town Patrol
42:58 Conscription
43:08 Fletching
47:34 Chemistry
46:21 Light Cavalry
48:25 Hussar
51:58 Fortified Wall
disMAnTTled
9:35 Feudal Age
14:50 Castle Age
13:11 Horse Collar
14:15 Gold Mining
15:35 Double-Bit Axe
17:37 Bow Saw
18:26 Loom
21:25 Fletching
21:35 Padded Archer Armor
20:59 Elite Skirmisher
22:40 Padded Archer Armor
24:21 Bodkin Arrow
28:17 Wheelbarrow
30:04 Hand Cart
30:56 Leather Archer Armor
31:16 Ballistics
31:58 Heavy Plow
37:23 Imperial Age
36:14 Scale Barding Armor
36:20 Forging
37:33 Bloodlines
37:23 Husbandry
37:02 Heavy Camel Rider
38:33 Iron Casting
44:30 Town Watch
Connection lost

Rejoining the realm…

Still unreachable

The connection could not be restored.

Session expired

The server has moved on; the page needs a fresh start.